 Dungeon Crawl Stone Soup version 0.21-a0-225-g207ae17 (webtiles) character file.

240 tehllama the Poker (level 6, -3/85 HPs)
             Began as a Naga Berserker on Aug 28, 2017.
             Was a Believer of Trog.
             Killed from afar by Ijyb (8 damage)
             ... with a wand of lightning (?/15)
             ... on level 4 of the Dungeon.
             The game lasted 00:04:33 (2475 turns).

tehllama the Poker (Naga Berserker)                 Turns: 2475, Time: 00:04:34

Health: -3/85      AC:  8    Str: 26    XL:     6   Next: 8%
Magic:  8/15       EV: 10    Int:  7    God:    Trog [**....]
Gold:   186        SH:  0    Dex: 11    Spells: 5/5 levels left

rFire    . . .     SeeInvis +   a - +0 spear
rCold    . . .     Gourm    .   (no shield)
rNeg     . . .     Faith    .   p - +0 ring mail
rPois    +         Spirit   .   i - +2 helmet
rElec    .         Reflect  .   (no cloak)
rCorr    .         Harm     .   (no gloves)
MR       ++...                  (no barding)
Stlth    ..........             D - amulet of magic regeneration
HPRegen  1.24/turn              g - ring of magical power
MPRegen  0.14/turn              (no ring)

@: berserking (expiring), regenerating, quick
A: see invisible, deformed body, poison resistance, slowness 2, slow metabolism
1, spit poison 1, AC +2
a: Spit Poison, Berserk, Trog's Hand, Burn Spellbooks, Renounce Religion


You were on level 4 of the Dungeon.
You worshipped Trog.
Trog was pleased with you.
You were near starving.

You visited 1 branch of the dungeon, and saw 4 of its levels.

You collected 186 gold pieces.

Inventory:

Hand Weapons
 a - a +0 spear (weapon)
 q - a +0 hunting sling
Missiles
 w - 34 bolts
Armour
 b - a +0 animal skin
 i - a +2 helmet (worn)
 o - a +0 robe of magic resistance
 p - a +0 ring mail (worn)
Jewellery
 g - a ring of magical power (left hand)
 D - an amulet of magic regeneration (around neck)
Wands
 k - a wand of random effects (24/48)
 y - a wand of acid (7/15)
Scrolls
 f - 2 scrolls of identify {unknown}
 s - a scroll of recharging {unknown}
 t - a scroll of enchant weapon {unknown}
 v - a scroll of immolation {unknown}
 x - 2 scrolls of magic mapping {unknown}
 B - a scroll of remove curse {unknown}
 C - a scroll of teleportation {unknown}
Potions
 d - a potion of heal wounds
 e - a potion of resistance
 h - 2 potions of curing {unknown}
 j - a potion of brilliance {unknown}
 r - a potion of degeneration {unknown}
 u - a potion of magic {unknown}
 A - a potion of might {unknown}
Comestibles
 c - a bread ration
 l - 11 fruits
 m - 2 meat rations
 n - 3 chunks of flesh
 z - a royal jelly


   Skills:
 + Level 3.9 Fighting
 * Level 4.6 Polearms
 + Level 2.7 Armour
 + Level 2.7 Dodging


You had 5 spell levels left.
You didn't know any spells.

Dungeon Overview and Level Annotations

Branches:
Dungeon (4/15)
 Temple: D:4-7

Altars:
Okawaru

Annotations:
D:4 Ijyb


Innate Abilities, Weirdness & Mutations

You cannot wear boots.
Your serpentine skin is tough. (AC +2)
You have supernaturally acute eyesight. (SInv)
Armour fits poorly on your strangely shaped body.
Your system is resistant to poisons. (rPois)
You cover ground very slowly.
You have a slow metabolism.
You can spit poison.


Message History

* * * LOW HITPOINT WARNING * * *
The bolt of lightning misses Ijyb.
You are too berserk!
You closely miss Ijyb.
Ijyb is heavily wounded.
You feel the effects of Trog's Hand fading.
You closely miss Ijyb.
Ijyb is heavily wounded.
Ijyb hits you but does no damage.
You barely miss Ijyb.
Ijyb is heavily wounded.
You barely miss Ijyb.
Ijyb is heavily wounded.
Ijyb closely misses you.
You puncture Ijyb!
Ijyb is almost dead.
You closely miss Ijyb.
Ijyb is almost dead.
Ijyb zaps a wand.
The bolt of lightning hits you!
You die...

####+####### #
#......#...##.#
#......#......#
#......#......#
#......#......#
#......#@g....#
#..)...'>.....#
#......#####+##
######............
#.................
#.................
#.................
#.................
#.................


You could see Ijyb.

Vanquished Creatures
  2 orc priests (D:3)
  Jessica (D:2)
  An orc wizard (D:3)
  Robin (D:2)
  6 adders
  A worm (D:2)
  2 leopard geckos
  2 orcs (D:3)
  A ball python (D:1)
  6 bats
  3 giant cockroaches
  10 goblins
  11 hobgoblins
  A jackal (D:2)
  4 kobolds
  5 frilled lizards
  6 rats
63 creatures vanquished.

Notes
Turn   | Place    | Note
-------+----------+-------------------------------------------
     0 | D:1      | tehllama the Naga Berserker began the quest for the Orb.
     0 | D:1      | Reached XP level 1. HP: 21/21 MP: 1/1
   134 | D:1      | Reached XP level 2. HP: 24/28 MP: 2/2
   679 | D:1      | Reached XP level 3. HP: 32/34 MP: 3/3
   920 | D:2      | Noticed Jessica
   930 | D:2      | Killed Jessica
   988 | D:2      | Reached XP level 4. HP: 35/42 MP: 4/4
  1105 | D:2      | Reached ** piety under Trog
  1112 | D:2      | Noticed Robin
  1138 | D:2      | Killed Robin
  1230 | D:2      | Reached skill level 4 in Polearms
  1601 | D:2      | Reached XP level 5. HP: 49/49 MP: 5/5
  1959 | D:3      | Found an iron altar of Okawaru.
  2084 | D:3      | Reached XP level 6. HP: 55/57 MP: 6/6
  2454 | D:4      | Noticed Ijyb
  2469 | D:4      | HP: 1/85 [Ijyb/wand of lightning (?/15) (21)]
  2475 | D:4      | Killed from afar by Ijyb

Vault maps used:
D:1:      dpeg_arrival_more_subterranean_lakeside_camping, minmay_tetromino_s2
D:2:      uniq_jessica, uniq_robin
D:3:      nicolae_overflow_hidden_temple
D:4:      cheibrodos_ashenzari_chains, nicolae_overflow_crystal_walls,
          portal_sewer_entry_d, uniq_ijyb

Skill      XL: |  1  2  3  4 |
---------------+-------------+-----
Dodging        | 2 |  2.7
Armour         | 2 |  2.7
Polearms       | 4 |  4.6
Fighting       | |  3.9

Action                   |  1- 3 |  4- 6 || total
-------------------------+-------+-------++-------
Melee: Spear             |   111 |   181 ||   292
Invok: Berserk           |     1 |     4 ||     5
       Trog's Hand       |       |     3 ||     3
  Use: Potion            |       |     3 ||     3
 Stab: Sleeping          |     2 |       ||     2
  Eat: Chunk             |     1 |     7 ||     8
Armor: Animal skin       |    28 |       ||    28
       Ring mail         |     3 |    75 ||    78
Dodge: Dodged            |    45 |    72 ||   117

Table legend:
 A = Spawn XP
 B = Non-spawn XP
 C = Spawn XP percentage of total XP
 D = Spawn monster count
 E = Non-spawn monster count
 F = Spawn count percentage of total count
 G = Total turns spent on level
                    A         B        C        D         E        F      G
               +---------+---------+-------+---------+---------+-------+---------
         Total |      49 |     295 |  14.2 |       8 |      55 |  12.7 |  2475
               +---------+---------+-------+---------+---------+-------+---------
           D:1 |       3 |      38 |   7.3 |       2 |      23 |   8.0 |   903
           D:2 |      31 |      99 |  23.8 |       4 |      21 |  16.0 |   908
           D:3 |      15 |     158 |   8.7 |       2 |      11 |  15.4 |   604
               +---------+---------+-------+---------+---------+-------+---------
